 Dungeon Crawl Stone Soup version 0.28.0 (webtiles) character file.

Game seed: 17423754299718082363

23 SnakkuSnakku7 the Charlatan (level 2, 0/16 HPs)
             Began as a Deep Elf Artificer on Feb 16, 2022.
             Frozen to death by an endoplasm (4 damage)
             ... on level 1 of the Dungeon.
             The game lasted 00:02:20 (903 turns).

SnakkuSnakku7 the Charlatan (Deep Elf Artificer)     Turns: 903, Time: 00:02:24

Health: 0/16       AC:  3    Str:  9    XL:     2   Next: 75%
Magic:  4/4        EV: 12    Int: 15    God:
Gold:   13         SH:  0    Dex: 15    Spells: 1/1 levels left

rFire   . . .      SeeInvis .   k - +0 falchion
rCold   . . .      Faith    .   (no shield)
rNeg    . . .      Spirit   .   b - +0 leather armour
rPois   .          Reflect  .   (no helmet)
rElec   .          Harm     .   (no cloak)
rCorr   .          Rampage  .   (no gloves)
Will    .....                   (no boots)
Stlth   ++........              (no amulet)
HPRegen 0.05/turn               (no ring)
MPRegen 0.09/turn               (no ring)

@: no status effects
A: no striking features
a: no special abilities


You were on level 1 of the Dungeon.
You visited 1 branch of the dungeon, and saw 1 of its levels.

You collected 23 gold pieces.
You spent 10 gold pieces at shops.

Inventory:

Hand Weapons
 a - a +0 club
 i - a +0 short sword
 j - a +0 whip
 k - a +0 falchion (weapon)
Missiles
 g - 8 arrows
Armour
 b - a +0 leather armour (worn)
Wands
 c - a wand of flame (6) (quivered)
 d - a wand of charming (14)
Scrolls
 h - a scroll of silence {unknown}
Potions
 f - a potion of haste {unknown}
Miscellaneous
 e - a piece from Xom's chessboard (15/15)


   Skills:
 - Level 0.7 Fighting
 - Level 0.7 Armour
 - Level 2.4 Dodging
 - Level 1.2 Stealth
 + Level 4.5 Evocations


You had one spell level left.
You didn't know any spells.
Your spell library was empty.

Dungeon Overview and Level Annotations

Branches:
Dungeon (1/15)

Altars:

Shops:
D:1 !


Message History

You hit the quokka but do no damage.
The quokka is severely wounded.
The quokka bites you.
You are too injured to fight recklessly!
You are too injured to fight recklessly!
You are too injured to fight recklessly!
You are too injured to fight recklessly!
You miss the quokka.
The quokka is severely wounded.
The quokka bites you.
* * * LOW HITPOINT WARNING * * *
The quokka misses you.
You closely miss the quokka.
The quokka is severely wounded.
The quokka bites you.
* * * LOW HITPOINT WARNING * * *
Unknown command.
Aiming: Throw Flame
Press: ? - help, Shift-Dir - straight line, f - quokka
Aim: a quokka (severely wounded, 64% to hit)
The puff of flame misses the quokka.
The quokka barely misses you. x2
Unknown command.
Aiming: Throw Flame
Press: ? - help, Shift-Dir - straight line, f/p - quokka
Aim: a quokka (severely wounded, 64% to hit)
The puff of flame hits the quokka.
You kill the quokka!
Unknown command.
As you open the door, it creaks loudly!
There is an open door here.
An endoplasm comes into view.
Okay, then.
Aiming: Throw Flame
Press: ? - help, Shift-Dir - straight line, f - endoplasm
Aim: an endoplasm (98% to hit)
The puff of flame hits the endoplasm.
The endoplasm is severely wounded.
The endoplasm freezes you.
You are frozen.
You die...

#..............## #.......
#######...............# #.......
#.....'.........#####.####.......
##.####.........# #>.............
#.# #####.....###.#....##......
#.# ............#..............
#.# .......................####
#.# ..........................#
#.# .........J@.............#.#
#.# ................###...(.#..
#.# ................# #......##
#.# #+###.......#### #........
##.#####...........# ###+##..#
#......'...........# .....#
####.###............# ......##
####.#..............# #......+.
#†...#................ .......#.


You could see an endoplasm.

Vanquished Creatures
  2 dart slugs (D:1)
  A ball python (D:1)
  3 endoplasms (D:1)
  A giant cockroach (D:1)
  A goblin (D:1)
  2 hobgoblins (D:1)
  A jackal (D:1)
  2 quokkas (D:1)
  2 bats (D:1)
  A rat (D:1)
16 creatures vanquished.

Vanquished Creatures (collateral kills)
  A quokka (D:1)
1 creature vanquished.

Grand Total: 17 creatures vanquished

Notes
Turn   | Place    | Note
-------+----------+-------------------------------------------
     0 | D:1      | SnakkuSnakku7 the Deep Elf Artificer began the quest for
                  | the Orb.
     0 | D:1      | Reached XP level 1. HP: 11/11 MP: 3/3
   365 | D:1      | Reached XP level 2. HP: 10/16 MP: 4/4
   385 | D:1      | Found Pusatuot's Distillery.
   400 | D:1      | Reached skill level 4 in Evocations
   595 | D:1      | Bought a potion of degeneration for 10 gold pieces
   903 | D:1      | Frozen to death by an endoplasm

Illustrated notes

Levels and vault maps discovered:
D:1:      minmay_arrival_semitransparent, layout_basic, serial_shops, shop

Skill      XL: |  1  2 |
---------------+-------+-----
Evocations     | 4 |  4.5
Fighting       | |  0.7
Armour         | |  0.7
Dodging        | |  2.4
Stealth        | |  1.2

Action                   || total
-------------------------++-------
Melee: Club              ||    37
       Punch             ||     1
       Falchion          ||    30
       Whip              ||     3
Evoke: Wand              ||    10
 Stab: Sleeping          ||     1
Armor: Leather armour    ||    27
Dodge: Dodged            ||    53
